Unix NetHack Version 5.0.0-0 post-release - last build May  4 2026 22:22:43 (774f63e81ad911689b3a0859ea89b322d5daca8d,branch:main).

Game began 2026-05-09 05:33:40, ended 2026-05-09 05:54:06.

08245982402, lawful female dwarven Cavewoman

                                                                      -------
                                                                      .<....|
                                                                      |.)...|
                                                                      |..{..|
                                                                      -----.-
                                                                         ###
                                                                         #
                                                                         #
                                                                 # #     #
                                                                 #@## ####
                                                                   d#-|-----
                                                                   ##|.....|
                                                                    #|...).|
                                                                    #.)....|
                                                                     -------

08245982402 the Aborigine  St:18/04 Dx:13 Co:17 In:8 Wi:8 Ch:9  Lawful
Dlvl:2  $:4  HP:0(37) Pw:5(5) AC:8  Xp:3 T:1756  FoodPois

Latest messages:
 You swap places with Slasher.
 You stop.  Slasher is in the way!
 You swap places with Slasher.
 You descend the stairs.
 Slasher misses the goblin.
 Slasher misses the goblin.
 Slasher bites the goblin.
 The goblin wields a crude dagger!
 You kill the goblin!
 Slasher eats a goblin corpse.
 You swap places with Slasher.
 You see here a crude dagger.
 The door opens.
 A cloud of gas puts you to sleep!
 Slasher drops a crude dagger.
 Slasher bites the gnome zombie.
 The gnome zombie is destroyed!
 You wake up.
 There is an orc corpse here; eat it? [ynq] (n) y
 Ulch - that meat was tainted!
 You feel deathly sick.
 (It must have died too long ago to be safe to eat.)
 You don't have anything to drink.
 The giant rat bites!
 The giant rat bites!
 You miss the grid bug.
 The grid bug bites!
 You avoid harm.
 Your sickness feels worse.
 You kill the grid bug!
 The giant rat just misses!
 Slasher bites the giant rat.
 The giant rat misses Slasher.
 Slasher misses the giant rat.
 Slasher misses the giant rat.
 Slasher misses the giant rat.
 Your sickness is severe.
 You miss the giant rat.
 The giant rat bites!
 Slasher bites the giant rat.
 The giant rat is killed!
 Slasher eats a giant rat corpse.
 You stop.  Slasher is in the way!
 You are at Death's door.
 You die from your illness.
 Do you want your possessions identified? [ynq] (y) y
 Do you want to see your attributes? [ynq] (y) y
 Do you want an account of creatures vanquished? [ynaq] (y) y
 Do you want to see your conduct and achievements? [ynq] (y) y
 Do you want to see the dungeon overview? [ynq] (y) y

Inventory:
 Coins    ('$')
  $ - 4 gold pieces
 Weapons  (')')
  g - 7 +0 elven arrows
  b - a blessed +2 sling (alternate weapon; not wielded)
  a - a +1 club (weapon in right hand)
 Armor    ('[')
  e - an uncursed +0 leather armor (being worn)
 Gems/Stones  ('*')
  c - 14 uncursed flint stones (in quiver pouch)
  d - 25 uncursed rocks

08245982402 the Cavewoman's attributes:

Background:
 You were an Aborigine, a level 3 dwarven Cavewoman.
 You were lawful, nominally on a mission for Anu
 who was opposed by Ishtar (neutral) and Anshar (chaotic).
 You were right-handed.
 You were in the Dungeons of Doom, on level 2.
 You entered the dungeon 1756 turns ago.
 It was nighttime.
 You had 56 experience points, 24 more were needed to attain level 4.

Basics:
 You had 0 out of 37 hit points.
 You had all 5 energy points (spell power).
 Your armor class was 8.
 Your wallet contained 4 zorkmids.
 Autopickup was off.

Final Characteristics:
 Your strength was 18/04 (limit:18/100).
 Your dexterity was 13 (limit:20).
 Your constitution was 17 (limit:20).
 Your intelligence was 8 (limit:16).
 Your wisdom was 8 (limit:16).
 Your charisma was 9 (limit:16).

Final Status:
 You died from food poisoning.
 You weren't hungry.
 You were unencumbered.
 You were wielding a club.
 You had basic skill with club.

Final Attributes:
 You were devoutly aligned.
 You had infravision.
 You were warded.
 You are dead.

Miscellaneous:
 You didn't encounter any bones levels.
 Total elapsed playing time was 20 minutes and 24 seconds.

Major events:
 Turn
    1: 08245982402 the lawful dwarven Cavewoman entered the dungeon
 1197: attained the rank of Aborigine (level 3)
 1756: poisoned by a rotted orc corpse

You didn't know any spells.

Skills:
 Fighting Skills
   bare handed combat [Basic]
 Weapon Skills
   dagger             [Unskilled]
   knife              [Unskilled]
   axe                [Unskilled]
   pick-axe           [Unskilled]
   club               [Basic]
   mace               [Unskilled]
   morning star       [Unskilled]
   flail              [Unskilled]
   hammer             [Unskilled]
   quarterstaff       [Unskilled]
   polearms           [Unskilled]
   spear              [Unskilled]
   trident            [Unskilled]
   bow                [Unskilled]
   sling              [Basic]
   boomerang          [Unskilled]
   unicorn horn       [Unskilled]
 Spellcasting Skills
   attack spells      [Unskilled]
   matter spells      [Unskilled]

Voluntary challenges:
 Character rerolling was not enabled.
 You were an atheist.
 You were illiterate.
 You never genocided any monsters.
 You never polymorphed an object.
 You never changed form.
 You used no wishes.
Achievement:
 You attained the rank of Aborigine.

 The Dungeons of Doom: levels 1 to 2
    Level 1:
       A fountain, a sink.
    Level 2: <- You were here.
       A fountain.
       Final resting place for
          you, poisoned by a rotted orc corpse.


Vanquished creatures:
  a shrieker
  a giant rat
  a gnome zombie
  a gecko
 11 jackals
  4 goblins
  6 grid bugs
  5 lichens
  5 newts
35 creatures vanquished.

No species were genocided or became extinct.

Game over:
                       ----------
                      /          \
                     /    REST    \
                    /      IN      \
                   /     PEACE      \
                  /                  \
                  |   08245982402    |
                  |       4 Au       |
                  |  poisoned by a   |
                  |    rotted orc    |
                  |      corpse      |
                  |                  |
                  |       2026       |
                 *|     *  *  *      | *
        _________)/\\_//(\/(/\)/\//\/|_)_______

Goodbye 08245982402 the Cavewoman...

You were poisoned in The Dungeons of Doom on dungeon level 2 with 278 points,
and 4 pieces of gold, after 1756 moves.
You were level 3 with a maximum of 37 hit points when you were poisoned.

